 Dungeon Crawl Stone Soup version 0.27-a0-676-gc1da3516c2 (webtiles) character file.

Game seed: 17434796417780253

15339 Dreamer the Blocker (level 12, -1/100 HPs)
             Began as a Formicid Fighter on Mar 18, 2021.
             Was a High Priest of Cheibriados.
             Killed by divine providence
             ... invoked by a meliai
              (12 damage)
             ... in a Gauntlet.
             The game lasted 01:08:53 (13809 turns).

Dreamer the Blocker (Formicid Fighter)             Turns: 13809, Time: 01:08:55

Health: -1/100     AC: 28    Str: 43    XL:     12   Next: 56%
Magic:  12/12      EV:  5    Int: 23    God:    Cheibriados [*****.]
Gold:   595        SH:  0    Dex: 23    Spells: 11/11 levels left

rFire    . . .     SeeInvis +   u - +2 flail (protect)
rCold    . . .     Faith    +   c - +0 kite shield
rNeg     . . .     Spirit   .   l - +3 plate armour
rPois    .         Reflect  .   (helmet unavailable)
rElec    .         Harm     +   x - scarf {harm}
rCorr    +         Rampage  .   t - +2 pair of gloves
Will     +....                  (no boots)
Stlth    ..........             d - amulet of faith
HPRegen  0.26/turn              i - ring of resist corrosion
MPRegen  0.13/turn              p - +6 ring of strength

@: protection aura, held, studying Throwing, very slow
A: permanent stasis, dig shafts and tunnels, antennae 3, four strong arms
a: Dig, Renounce Religion, Bend Time, Temporal Distortion, Slouch, Step From
Time


You were in a Gauntlet.
You worshipped Cheibriados.
Cheibriados was extremely pleased with you.
You visited 2 branches of the dungeon, and saw 14 of its levels.
You also visited: Gauntlet.

You collected 595 gold pieces.

Inventory:

Hand Weapons
 b - the +9 staff of Olgreb {rPois∞}
   (You found it on level 6 of the Dungeon)

   It may poison the flesh of those it strikes, and is more effective with a
   high Evocations skill.
   It enhances your poison magic.
   It grants immunity to poison.
   It can be evoked to poison those around you for a time.
 g - a +3 flail of freezing
 u - a +2 flail of protection (weapon)
 w - a +2 whip of flaming
 C - a +3 morningstar
 H - the +6 short sword of the Piercing Messenger {venom, MP+9 Int-2 Dex+2 Stlth+}
   (You found it on level 10 of the Dungeon)

   It poisons the flesh of those it strikes.
   It affects your intelligence (-2).
   It affects your dexterity (+2).
   It affects your magic capacity (+9).
   It makes you more stealthy.
Armour
 c - a +0 kite shield (worn)
 l - a +3 plate armour (worn)
 t - a +2 pair of gloves (worn)
 x - a scarf of harm (worn)
Jewellery
 d - an amulet of faith (around neck)
 i - a ring of resist corrosion (right hand)
 m - a ring of fire
 n - a ring of protection from fire
 p - a +6 ring of strength (left hand)
 q - a ring of fire
 B - a +6 ring of intelligence
Wands
 s - a wand of polymorph (11)
 v - a wand of paralysis (7)
 y - a wand of charming (8)
Scrolls
 a - 3 scrolls of fog
 e - a scroll of immolation {unknown}
 f - a scroll of blinking {unknown}
 j - 2 scrolls of fear {unknown}
 k - 2 scrolls of noise {unknown}
 r - a scroll of torment {unknown}
 A - 2 scrolls of magic mapping {unknown}
 F - 3 scrolls of holy word
 I - a scroll of identify
Potions
 h - 7 potions of curing
 z - a potion of invisibility
 D - a potion of brilliance
 E - a potion of cancellation
 G - a potion of mutation
 J - a potion of magic {unknown}
 K - 3 potions of flight


   Skills:
 + Level 11.2 Fighting
 + Level 10.1 Maces & Flails
 + Level 11.1 Armour
 + Level 12.1 Shields


You had 11 spell levels left.
You didn't know any spells.
Your spell library contained the following spells:

 Spells                   Type           Power      Damage    Failure   Level
 Freeze                   Ice            0%         1d3       52%         1
 Magic Dart               Conj           0%         1d3       52%         1
 Call Imp                 Summ           0%         N/A       67%         2
 Slow                     Hex            0%         N/A       67%         2
 Conjure Flame            Conj/Fire      0%         6-21      88%         3
 Frozen Ramparts          Ice            0%         1d2       88%         3
 Mephitic Cloud           Conj/Pois/Air  0%         N/A       88%         3
 Ozocubu's Armour         Ice            0%         N/A       88%         3
 Hailstorm                Conj/Ice       0%         3d3       99%         4
 Summon Ice Beast         Ice/Summ       0%         N/A       99%         4
 Blink                    Tloc           Unusable   N/A       N/A         2

Dungeon Overview and Level Annotations

Branches:
Dungeon (13/15)            Temple (1/1) D:6            Lair (0/6) D:11
    Orc (0/2) D:12        Gauntlet (1/1)
 Vaults: D:13-14

Altars:
Ashenzari
Cheibriados
Dithmenos
Elyvilon
Fedhas
Gozag
Hepliaklqana
Kikubaaqudgha
Makhleb
Nemelex Xobeh
Okawaru
Qazlal
Ru
Sif Muna
Trog
Uskayaw
Vehumet
Wu Jian
Xom
Yredelemnul
Zin
The Shining One

Shops:
D:8 [*

Annotations:
D:6 1 runed translucent door
D:7 1 runed translucent door, exclusion: 4 orange crystal statues Gauntlet 11 transporters, 4 runed translucent doors


Innate Abilities, Weirdness & Mutations

You cannot be hasted, slowed, berserked, paralysed or teleported.
You can dig through walls and to a lower floor.
You have a pair of large antennae on your head. (SInv)
Your four strong arms can wield two-handed weapons with a shield.


Message History

The meliai stings you but does no damage.
You are too injured to fight recklessly!
You feel much better. The meliai hits you but does no damage.
The meliai stings you.
* * * LOW HITPOINT WARNING * * *
The meliai hits you but does no damage.
The meliai stings you but does no damage.
Okay, then.
You shred the net and break free!
The meliai mumbles some strange prayers to its god against you.
Something smites you!
* * * LOW HITPOINT WARNING * * *
You block the meliai's attack. x2
Press: ? - help, v - describe, . - travel, g - get item
Here: a meliai, wielding a +0 hand axe and wearing a +0 leather armour
Items here: a +0 hand axe; a +0 robe.
A net trap.
You fail to use your ability.
You block the meliai's attack. x2
The meliai hits you but does no damage. You block the meliai's attack.
You closely miss the meliai. You block the meliai's attack.
The meliai stings you!
* * * LOW HITPOINT WARNING * * *
You bludgeon the meliai!!
Your weapon exudes an aura of protection.
The meliai is almost dead.
The meliai hits you but does no damage.
The meliai stings you but does no damage.
You block the meliai's attack. The meliai closely misses you.
You closely miss the meliai.
The meliai is almost dead.
You block the meliai's attack.
The meliai stings you but does no damage.
The meliai hits you but does no damage. You block the meliai's attack.
You hit the meliai.
You kill the meliai!
Cheibriados thoroughly appreciates the change of pace.
The meliai drops a net on you.
You become entangled in the net!
The meliai invokes the aid of its god against you.
Something smites you!
You die...

##...#########...#.......
#≈...............########
##.8.....8.....8.........
##.....................8..
#≈...###########..........
##...#.......yy#...#######
#≈.∩.#..##^##.y#...#.....x
##...#.#..#..#.#####.#+###
#≈...#.#y@#.^#"#...#.#..§#
##.8©#..#####.©#©.©#.#.©≈#
#≈...#.#^.#.^#:#...#.#..≈#
##...#.#..#..#?#####x#+###
#≈.∩.#..##^##..#...#*.....
##...#.........#...#######
#≈.§.###########..........
##.....................8..
##.8.....8.....8.........


You could see a meliai.

Vanquished Creatures
  A boulder beetle (D:13)
  Harold (D:7)
  A hydra (D:10)
  Erica (D:9)
  A two-headed ogre (D:12)
  An unseen horror (D:10)
  Pikel (D:5)
  2 cyclopes
  A manticore (D:12)
  Joseph (D:9)
  2 meliai (Gauntlet)
  2 trolls (D:11)
  A meliai zombie (D:10)
  A wyvern (D:9)
  12 yaks
  A shadow (D:11)
  An acid dragon (D:12)
  Edmund (D:5)
  4 water moccasins
  Duvessa (D:7)
  6 ice beasts
  7 soldier ants (D:6)
  A black bear (D:8)
  3 orc warriors
  A necrophage (D:8)
  5 ogres
  2 centaurs
  A kobold brigand (D:10)
  2 phantoms
  7 bullfrogs
  A wyvern zombie (D:10)
  Dowan (D:7)
  A wyvern skeleton (D:10)
  3 scorpions
  2 water moccasin skeletons
  13 killer bees
  2 howler monkeys
  12 wights
  A bullfrog zombie (D:7)
  3 jellies
  2 bullfrog skeletons
  5 hounds
  5 orc priests
  Ijyb (D:5)
  3 iguanas
  14 orc wizards
  10 worker ants
  A killer bee zombie (D:10)
  2 hound skeletons
  Robin (D:2)
  A worker ant zombie (D:8)
  10 adders
  A shadow imp (D:7)
  A white imp (D:7)
  2 oozes
  An adder skeleton (D:9)
  5 worms
  2 dart slugs
  7 leopard geckos
  48 orcs
  A ball python (D:4)
  7 giant cockroaches
  13 goblins
  4 hobgoblins
  5 quokkas
  5 bats
  6 kobolds
  2 leopard gecko skeletons
  A quokka skeleton (D:6)
  8 rats
285 creatures vanquished.

Vanquished Creatures (others)
  21 demonic plants (Gauntlet)
21 creatures vanquished.

Grand Total: 306 creatures vanquished

Notes
Turn   | Place    | Note
-------+----------+-------------------------------------------
     0 | D:1      | Dreamer the Formicid Fighter began the quest for the Orb.
     0 | D:1      | Reached XP level 1. HP: 18/18 MP: 1/1
   278 | D:1      | Reached XP level 2. HP: 24/24 MP: 2/2
   657 | D:2      | Noticed Robin
   663 | D:2      | Killed Robin
   664 | D:2      | Reached skill level 4 in Shields
   664 | D:2      | Reached XP level 3. HP: 29/29 MP: 3/3
  1079 | D:2      | Reached XP level 4. HP: 37/37 MP: 4/4
  1887 | D:3      | Found a bloodstained altar of Trog.
  2454 | D:3      | Reached XP level 5. HP: 39/42 MP: 5/5
  2792 | D:4      | Reached XP level 6. HP: 49/49 MP: 6/6
  2890 | D:4      | Noticed an ogre
  2992 | D:4      | Reached skill level 5 in Shields
  3139 | D:5      | Entered Level 5 of the Dungeon
  3139 | D:5      | Noticed Pikel
  3826 | D:5      | Found a hide-covered altar of Uskayaw.
  3826 | D:5      | Found a broken altar of Ashenzari.
  3855 | D:5      | Noticed Ijyb
  3878 | D:5      | Killed Ijyb
  3914 | D:5      | Noticed Edmund
  4016 | D:5      | Found an ancient bone altar of Kikubaaqudgha.
  4071 | D:5      | Killed Pikel
  4072 | D:5      | Reached skill level 5 in Fighting
  4072 | D:5      | Reached skill level 5 in Armour
  4072 | D:5      | Reached skill level 6 in Shields
  4072 | D:5      | Reached XP level 7. HP: 33/57 MP: 7/7
  4072 | D:5      | Reached XP level 8. HP: 37/64 MP: 8/8
  4232 | D:5      | Killed Edmund
  4816 | D:6      | Reached skill level 5 in Maces & Flails
  5098 | D:6      | Found the +9 staff of Olgreb {rPois∞}
  5100 | D:6      | Found a runed translucent door.
  5105 | D:6      | Found a runed translucent gate.
  5105 | D:6      | Found a runed translucent gate.
  5106 | D:6      | Found a runed translucent door.
  5117 | D:6      | Found a runed translucent gate.
  5240 | D:6      | Reached skill level 7 in Shields
  5315 | D:6      | Found a staircase to the Ecumenical Temple.
  5324 | Temple   | Entered the Ecumenical Temple
  5440 | Temple   | Became a worshipper of Cheibriados the Contemplative
  5857 | D:7      | Reached XP level 9. HP: 71/71 MP: 9/9
  5874 | D:7      | Found a hazy altar of Hepliaklqana.
  5993 | D:7      | Found a runed translucent door.
  5998 | D:7      | Found the +10 tower shield of Ignorance {rN+ Int-4}
  6014 | D:7      | Found a runed translucent door.
  6014 | D:7      | Noticed an orange crystal statue
  6110 | D:7      | Reached * piety under Cheibriados
  6194 | D:7      | Noticed Dowan
  6204 | D:7      | Noticed Duvessa
  6210 | D:7      | Killed Duvessa
  6211 | D:7      | Reached skill level 8 in Shields
  6211 | D:7      | Killed Dowan
  6337 | D:7      | Found a burning altar of Makhleb.
  6450 | D:7      | Noticed Harold
  6470 | D:7      | Killed Harold
  6471 | D:7      | Reached XP level 10. HP: 65/80 MP: 10/10
  6664 | D:7      | Found a stormy altar of Qazlal.
  6782 | D:8      | Reached skill level 9 in Shields
  6958 | D:8      | Reached ** piety under Cheibriados
  7396 | D:8      | Found a shadowy altar of Dithmenos.
  7676 | D:8      | Found Pajaqeit's Antique Armour Boutique.
  7846 | D:8      | Found Vicoj Faub's Assorted Antiques.
  8089 | D:9      | Reached *** piety under Cheibriados
  8222 | D:9      | Noticed Joseph
  8222 | D:9      | Noticed Erica
  8251 | D:9      | Killed Erica
  8261 | D:9      | Killed Joseph
  8262 | D:9      | Reached skill level 10 in Shields
  8549 | D:9      | Reached XP level 11. HP: 71/89 MP: 11/11
  9142 | D:10     | Entered Level 10 of the Dungeon
  9571 | D:10     | Reached **** piety under Cheibriados
  9711 | D:10     | Identified the +6 short sword of the Piercing Messenger
                  | {venom, MP+9 Int-2 Dex+2 Stlth+}
  9716 | D:10     | Noticed an unseen horror
  9716 | D:10     | Noticed an eight-headed hydra
  9722 | D:10     | Killed an eight-headed hydra
  9729 | D:10     | Killed an unseen horror
 10117 | D:10     | Noticed a cyclops
 10126 | D:10     | Killed a cyclops
 10127 | D:10     | Reached skill level 10 in Fighting
 10248 | D:10     | Reached skill level 10 in Armour
 10298 | D:10     | Reached skill level 11 in Shields
 10969 | D:7      | Noticed an orange crystal statue
 10969 | D:7      | Noticed an orange crystal statue
 10969 | D:7      | Noticed an orange crystal statue
 10987 | D:7      | Noticed a two-headed ogre
 11082 | D:6      | Reached ***** piety under Cheibriados
 11435 | D:11     | Reached XP level 12. HP: 88/98 MP: 12/12
 11616 | D:11     | Found a staircase to the Lair.
 12214 | D:12     | Noticed a two-headed ogre
 12572 | D:12     | Killed a two-headed ogre
 12797 | D:12     | Reached skill level 12 in Shields
 12876 | D:12     | Found a staircase to the Orcish Mines.
 12969 | D:12     | Reached skill level 10 in Maces & Flails
 13353 | D:13     | Noticed a boulder beetle
 13371 | D:13     | Killed a boulder beetle
 13390 | D:13     | Found a gate leading to a gauntlet.
 13413 | Gauntlet | Entered a Gauntlet
 13413 | Gauntlet | Found a transporter.
 13419 | Gauntlet | Noticed an entropy weaver
 13484 | Gauntlet | Found a transporter.
 13486 | Gauntlet | Found a transporter.
 13490 | Gauntlet | Found a transporter.
 13493 | Gauntlet | Found a transporter.
 13493 | Gauntlet | Found a transporter.
 13495 | Gauntlet | Found a runed translucent door.
 13496 | Gauntlet | Found a runed translucent door.
 13498 | Gauntlet | Noticed a swamp dragon
 13499 | Gauntlet | Found a transporter.
 13506 | Gauntlet | Noticed a wretched star
 13518 | Gauntlet | Found a transporter.
 13523 | Gauntlet | Found a transporter.
 13523 | Gauntlet | Noticed a great orb of eyes
 13527 | Gauntlet | Found a transporter.
 13529 | Gauntlet | Found a runed translucent door.
 13531 | Gauntlet | Found a runed translucent door.
 13535 | Gauntlet | Found a transporter.
 13600 | Gauntlet | Noticed a death drake
 13600 | Gauntlet | an elephant changed into a death drake
 13601 | Gauntlet | Found a transporter.
 13601 | Gauntlet | Noticed a swamp dragon
 13601 | Gauntlet | a komodo dragon changed into a swamp dragon
 13602 | Gauntlet | a death drake changed into a merfolk
 13605 | Gauntlet | a swamp dragon changed into a lindwurm
 13609 | Gauntlet | Noticed a glowing orange brain
 13609 | Gauntlet | an elephant changed into a glowing orange brain
 13610 | Gauntlet | a glowing orange brain changed into a shining eye
 13622 | Gauntlet | Noticed a sea snake
 13622 | Gauntlet | a torpor snail changed into a sea snake
 13626 | Gauntlet | Noticed a fire crab
 13626 | Gauntlet | a dream sheep changed into a fire crab
 13809 | Gauntlet | Killed from afar by a meliai

Illustrated notes

Levels and vault maps discovered:
D:1:      minmay_arrival_jagged, layout_basic
D:2:      layout_loops_corners, minmay_crystal_water, hangedman_decor_opposing,
          uniq_robin
D:3:      layout_loops_ring, trog_antimagical
D:4:      layout_cave_pools, portal_sewer_entry_e, minmay_manual_mess
D:5:      layout_rooms, gammafunk_temple_overflow_elements, basic_altar,
          uniq_pikel, uniq_ijyb, uniq_edmund
D:6:      layout_basic, minmay_temple_entry_trees, minivault_27, st_stairs_7,
          minmay_guarded_unrand_staff_of_olgreb
D:7:      layout_rooms, bloody_makhleb, lemuel_crystal_altar, basic_altar,
          chequers_guarded_unrand_ignorance, uniq_duvessa, uniq_harold
D:8:      layout_loops_ring, grunt_dithmenos_smoke_and_mirrors, serial_shops,
          nicolae_shop_crystal, kennysheep_little_box
D:9:      layout_irregular_city, uniq_joseph, uniq_erica
D:10:     layout_irregular_city, grunt_decor_clamped
D:11:     layout_gridville, lair_entry_dummy, serial_rivers,
          chequers_serial_rivers_small_3, chequers_serial_rivers_room_b,
          chequers_serial_rivers_small_a, chequers_serial_rivers_micro_a
D:12:     layout_stronghold, orc_0_dummy
D:13:     minmay_outward_triangles, layout_loops_ring, david_vaults_2,
          gauntlet_entry_generic, ebering_ghost_rock_garden, enter_bailey_5,
          minmay_starry_boxes, uniq_nessos, uniq_frances, uniq_jorgrun,
          uniq_azrael
Temple:   minmay_crystal_spiral_temple
Gauntlet: minmay_gauntlet_mixed_oops_all_seconds
          [minmay_gauntlet_arena_77_cramped, nicolae_gauntlet_arena_quarters,
          minmay_gauntlet_arena_77_squiggly, gammafunk_gauntlet_arena_hedges,
          minmay_gauntlet_arena_77_shame_cube, nicolae_gauntlet_arena_t_cross,
          nicolae_gauntlet_exit_dead_adventurers]

Skill      XL: |  1  2  3  4  5  6  7  8  9 10 11 12 |
---------------+-------------------------------------+-----
Shields        | 4 6 7 8 10 11 12 | 12.1
Fighting       | 4 5 6 8 9 10 11 | 11.2
Armour         | 4 5 6 8 9 10 11 | 11.1
Maces & Flails | 3 4 5 7 8 9 10 | 10.1

Action                   |  1- 3 |  4- 6 |  7- 9 | 10-12 || total
-------------------------+-------+-------+-------+-------++-------
Melee: Flail             |    14 |       |   185 |   547 ||   746
       Mace              |    66 |   268 |    15 |       ||   349
 Abil: Dig               |       |     3 |     5 |    15 ||    23
  Use: Scroll            |       |       |     4 |    13 ||    17
       Potion            |       |       |       |     3 ||     3
Armor: Scale mail        |    29 |    28 |       |       ||    57
       Plate armour      |       |   107 |    66 |   157 ||   330
       Skin              |       |     7 |       |       ||     7
Dodge: Dodged            |    30 |    65 |    22 |   107 ||   224
Block: Kite shield       |    33 |   111 |    99 |   354 ||   597

Table legend: (Time is in decaauts)
 A = Elapsed time spent in this place.
 B = Non-inter-level travel time spent in this place.
 C = Inter-level travel time spent in this place.
 D = Time resting spent in this place.
 E = Time spent auto-exploring this place.
 F = Levels seen in this place.
 G = Mean time per level.
                   A        B        C        D        E       F      G
               +--------+--------+--------+--------+--------+-----+--------+
         Total |  17452 |  16691 |    761 |   2588 |   9648 |  15 | 1163.5 |
       Dungeon |  16624 |  15971 |    653 |   2422 |   9517 |  13 | 1278.8 |
        Temple |    242 |    135 |    107 |      0 |    131 |   1 |  242.0 |
      Gauntlet |    585 |    585 |      0 |    166 |      0 |   1 |  585.0 |
               +--------+--------+--------+--------+--------+-----+--------+

Top non-repeatable levels by time:
    D:10: 2368 daAuts
    D:12: 1988 daAuts
     D:9: 1755 daAuts
     D:6: 1543 daAuts
     D:8: 1530 daAuts
    D:11: 1390 daAuts
     D:7: 1285 daAuts
     D:4: 1282 daAuts
     D:2: 1048 daAuts
     D:3: 984 daAuts
     D:5: 733 daAuts
     D:1: 614 daAuts
Gauntlet: 585 daAuts
  Temple: 242 daAuts
    D:13: 99 daAuts
